 Dungeon Crawl Stone Soup version 0.24-a0-284-g9fb9971 (webtiles) character file.

Game seed: 13224811673339188337

487 MisterFreud the Sneak (level 6, -1/28 HPs)
             Began as a Felid Berserker on May 6, 2019.
             Was a Priest of Trog.
             Killed from afar by an orc wizard (6 damage)
             ... with a magic dart
             ... on level 4 of the Dungeon.
             The game lasted 00:05:42 (3139 turns).

MisterFreud the Sneak (Felid Berserker)             Turns: 3139, Time: 00:05:44

Health: -1/28      AC:  2    Str: 13    XL:     6   Next: 89%
Magic:  7/7        EV: 19    Int:  8    God:    Trog [***...]
Gold:   104        SH:  0    Dex: 18    Spells: 5/5 levels left
                                        Lives:  0   Deaths: 1

rFire    . . .     SeeInvis +     - Unarmed
rCold    . . .     Gourm    .   (shield unavailable)
rNeg     . . .     Faith    .   (armour unavailable)
rPois    .         Spirit   .   (helmet unavailable)
rElec    .         Reflect  .   (cloak unavailable)
rCorr    .         Harm     .   (gloves unavailable)
MR       .....                  (boots unavailable)
Stlth    ++++......             (no amulet)
HPRegen  0.09/turn              (no ring)
MPRegen  0.10/turn              (no ring)

@: berserk cooldown, slowed, slow
A: very small, no armour, no weapons or thrown items, stealth, claws 1, fangs 3,
see invisible, carnivore, speed 1, shaggy fur 2, slow metabolism 1, sharp paws
a: Berserk, Trog's Hand, Renounce Religion


You were on level 4 of the Dungeon.
You worshipped Trog.
Trog was most pleased with you.
You were full.

You visited 1 branch of the dungeon, and saw 4 of its levels.

You collected 104 gold pieces.

Inventory:

Scrolls
 d - a scroll of fear
Potions
 b - a potion of heal wounds
 c - a potion of agility
 e - a potion of degeneration
 f - 2 potions of curing
 g - a potion of haste
 l - a potion of brilliance
Comestibles
 a - 4 rations


   Skills:
 - Level 3.0 Fighting
 - Level 4.0 Dodging
 + Level 7.5 Stealth
 - Level 6.0 Unarmed Combat


You had 5 spell levels left.
You didn't know any spells.
Your spell library was empty.

Dungeon Overview and Level Annotations

Branches:
Dungeon (4/15)
 Temple: D:4-7

Altars:
Cheibriados
Kikubaaqudgha
Trog


Innate Abilities, Weirdness & Mutations

You cannot wear armour.
You are incapable of wielding weapons or throwing items.
Your paws allow you to move quietly. (Stealth)
You have sharp claws.
You have razor-sharp teeth.
You have supernaturally acute eyesight. (SInv)
You are carnivorous and can eat meat at any time.
You cover ground quickly.
You are covered in thick fur. (AC +2)
You have a slow metabolism.
Your sharp claws are effective at attacking unaware monsters.


Message History

You scratch the orc priest.
The orc priest is almost dead.
You closely miss the orc wizard. Your bite misses the orc wizard.
You closely miss the orc wizard.
The orc priest calls down the wrath of Beogh upon you.
Beogh smites you!
You are too injured to fight recklessly!
You are too injured to fight recklessly!
You closely miss the orc wizard.
The orc priest mumbles some strange prayers to Beogh against you.
Pain shoots through your body!
* * * LOW HITPOINT WARNING * * *
You closely miss the orc wizard. You bite the orc wizard!
The orc wizard is severely wounded.
You are no longer berserk.
You are exhausted.
You feel yourself slow down.
The orc wizard points at you and mumbles some strange words.
The magic dart hits you.
You die...

###.<.#.......... . .
................... . .#
...........#..#.#.#.#...
##....#.##.#..#.#.#.#..
##....#.##.#..#.......
..............#.#.#.#..
.....#..##.##..).o.....
..##.#..##.##.#.#.#.#..#
..##.#..##.##.#.@o......
..##............).......
........................
..................#.....
.....[.....##...#.#.b...
..##............... ....
..##.......#........ ...
..##.......#.#..#.##....
#.##...###..


You could see an orc priest and an orc wizard.

Vanquished Creatures
  Grinder (D:3)
  A wyvern zombie (D:4)
  An orc priest (D:3)
  Crazy Yiuf (D:2)
  An orc wizard (D:4)
  2 iguanas (D:4)
  4 gnolls (D:2)
  3 adders
  An ooze (D:3)
  2 worms (D:3)
  2 leopard geckos
  17 orcs
  7 bats
  7 giant cockroaches
  8 goblins
  5 hobgoblins
  A ball python (D:3)
  A frilled lizard (D:1)
  10 kobolds
  5 rats
80 creatures vanquished.

Notes
Turn   | Place    | Note
-------+----------+-------------------------------------------
     0 | D:1      | MisterFreud the Felid Berserker began the quest for the
                  | Orb.
     0 | D:1      | Reached XP level 1. HP: 10/10 MP: 2/2
   209 | D:1      | Reached XP level 2. HP: 14/14 MP: 3/3
   907 | D:2      | Reached XP level 3. HP: 9/17 MP: 4/4
  1169 | D:2      | Reached ** piety under Trog
  1479 | D:2      | Reached XP level 4. HP: 17/21 MP: 5/5
  1518 | D:2      | Reached skill level 5 in Unarmed Combat
  1664 | D:2      | Found a runed translucent door.
  1665 | D:2      | Noticed Crazy Yiuf
  1672 | D:2      | Killed Crazy Yiuf
  1672 | D:2      | HP: 1/31 [poisoned by Crazy Yiuf]
  1675 | D:2      | Succumbed to Crazy Yiuf's poison
  1676 | D:2      | Reached XP level 3. HP: 0/17 MP: 4/4
  1693 | D:3      | Reached XP level 4. HP: 21/21 MP: 5/5
  1885 | D:3      | Noticed Grinder
  1896 | D:3      | Killed Grinder
  1896 | D:3      | Reached skill level 5 in Stealth
  1896 | D:3      | Reached XP level 5. HP: 24/24 MP: 6/6
  1896 | D:3      | Gained mutation: You are covered in thick fur. (AC +2)
                  | [Felid growth]
  1896 | D:3      | Reached XP level 6. HP: 28/28 MP: 7/7
  2106 | D:3      | Reached *** piety under Trog
  2206 | D:3      | Found a bloodstained altar of Trog.
  2578 | D:3      | Reached skill level 6 in Stealth
  2807 | D:4      | Found a snail-covered altar of Cheibriados.
  2817 | D:4      | Reached skill level 7 in Stealth
  2819 | D:4      | Found an ancient bone altar of Kikubaaqudgha.
  3139 | D:4      | Killed from afar by an orc wizard

Levels and vault maps discovered:
D:1:      minmay_arrival_four_houses, layout_loops_corners,
          minmay_misc_feat_tower
D:2:      layout_basic, uniq_crazy_yiuf_cottage
D:3:      layout_loops_corners, nicolae_overflow_crystal_walls,
          kennysheep_generic_room_8, uniq_grinder
D:4:      layout_basic, nicolae_overflow_hidden_temple, cheibriados_altar_1,
          kiku_gazebo_garden_becter, zin_statuary,
          minmay_temple_entry_butterflies, first_ration, uniq_sigmund

Skill      XL: |  1  2  3  4  5  6 |
---------------+-------------------+-----
Unarmed Combat | 4 6 |  6.0
Stealth        | 5 7 |  7.5
Fighting       | |  3.0
Dodging        | |  4.0

Action                   |  1- 3 |  4- 6 || total
-------------------------+-------+-------++-------
Melee: Unarmed           |    79 |   121 ||   200
       Bite              |     9 |     9 ||    18
       Punch             |       |     4 ||     4
Invok: Berserk           |     4 |     5 ||     9
  Use: Scroll            |     4 |    10 ||    14
 Stab: Sleeping          |     7 |     8 ||    15
  Eat: Chunk             |    13 |     8 ||    21
Armor: Skin              |     3 |     3 ||     6
Dodge: Dodged            |    66 |    82 ||   148

Table legend:
 A = Non-vault XP
 B = Vault XP
 C = Vault XP percentage of total XP
 D = Non-vault monster count
 E = Vault monster count
 F = Vault count percentage of total count
                 A         B        C        D         E       F
            +---------+---------+-------+---------+---------+-------
      Total |     472 |     308 |  39.5 |      77 |       3 |   3.8
            +---------+---------+-------+---------+---------+-------
        D:1 |      30 |       0 |   0.0 |      19 |       0 |   0.0
        D:2 |      89 |      40 |  31.0 |      16 |       1 |   5.9
        D:3 |     137 |     268 |  66.2 |      34 |       2 |   5.6
        D:4 |     216 |       0 |   0.0 |       8 |       0 |   0.0
            +---------+---------+-------+---------+---------+-------
